 Dungeon Crawl Stone Soup version 0.22.1-5-g62c59d9 (webtiles) character file.

59273 delarado the Nimble (level 14, -8/89 (90) HPs)
             Began as a Deep Elf Fire Elementalist on Jan 8, 2019.
             Was a High Priest of Vehumet.
             Mangled by Rupert
             ... wielding a +3 great mace of holy wrath
              (25 damage)
             ... on level 14 of the Dungeon on Jan 14, 2019.
             The game lasted 02:29:45 (29806 turns).

delarado the Nimble (Deep Elf Fire Elementalist)   Turns: 29806, Time: 02:29:46

HP:   -8/89 (90)    AC: 13    Str:  5    XL:     14   Next: 52%
MP:   5/38          EV: 22    Int: 26    God:    Vehumet [*****.]
Gold: 1779          SH:  5    Dex: 15    Spells: 5/31 levels left

rFire    + + .     SeeInvis .   T - staff of fire
rCold    x . .     Gourm    .   l - +0 buckler
rNeg     . . .     Faith    .   Z - +2 robe {Archmagi}
rPois    .         Spirit   .   o - +2 helmet
rElec    .         Reflect  .   X - +1 cloak
rCorr    .         Harm     .   A - +1 pair of gloves
MR       +....                  x - +1 pair of boots
Stlth    ++........             a - amulet of magic regeneration
HPRegen  0.24/turn              M - ring of magical power
MPRegen  0.51/turn              V - ring of fire

@: very slightly contaminated, starving
A: no striking features
a: Renounce Religion


You were on level 14 of the Dungeon.
You worshipped Vehumet.
Vehumet was extremely pleased with you.
You were starving.

You visited 3 branches of the dungeon, and saw 21 of its levels.

You collected 2343 gold pieces.
You spent 564 gold pieces at shops.

Inventory:

Missiles
 z - a javelin (quivered)
 I - a tomahawk of returning
Armour
 l - a +0 buckler (worn)
 n - a +2 robe of magic resistance
 o - a +2 helmet (worn)
 w - a +0 robe of resistance
 x - a +1 pair of boots (worn)
 A - a +1 pair of gloves (worn)
 X - a +1 cloak (worn)
 Z - a +2 robe of the Archmagi (worn)
Magical Staves
 g - an uncursed staff of cold
 T - an uncursed staff of fire (weapon)
Jewellery
 a - an amulet of magic regeneration (around neck)
 h - an uncursed ring of positive energy
 q - an uncursed ring of protection from magic
 B - an uncursed ring of flight
 M - a ring of magical power (left hand)
 V - a ring of fire (right hand)
Wands
 p - a wand of acid (22)
 G - a wand of digging (24)
 J - a wand of flame (81)
 K - a wand of paralysis (43)
 L - a wand of disintegration (5)
 R - a wand of iceblast (13)
 S - a wand of random effects (14)
 U - a wand of polymorph (15)
Scrolls
 i - 10 scrolls of remove curse
 k - a scroll of enchant weapon
 m - 2 scrolls of fear
 u - 3 scrolls of magic mapping
 y - 5 scrolls of amnesia
 C - 5 scrolls of teleportation
 F - 4 scrolls of fog
 H - a scroll of immolation
 Q - 2 scrolls of blinking
Potions
 b - 2 potions of might
 d - 3 potions of agility
 e - a potion of cancellation
 f - a potion of resistance
 j - 6 potions of ambrosia
 r - 6 potions of heal wounds
 s - 5 potions of brilliance
 t - 3 potions of curing
 v - a potion of berserk rage
 D - a potion of invisibility
 E - 2 potions of magic {Magic, unknown}
 N - 4 potions of lignification
 P - 2 potions of flight
Miscellaneous
 O - a lightning rod (4/4)
Comestibles
 c - 24 rations
 Y - 5 chunks of flesh


   Skills:
 - Level 11.0 Fighting
 - Level 14.0 Dodging
 - Level 2.4 Stealth
 - Level 4.2 Shields
 + Level 9.0 Spellcasting
 - Level 13.1 Conjurations
 - Level 12.3 Fire Magic
 - Level 5.6 Evocations


You had 5 spell levels left.
You knew the following spells:

 Your Spells              Type           Power        Failure   Level  Hunger
a - Flame Tongue          Conj/Fire      #####        1%          1    None
b - Conjure Flame         Conj/Fire      ########     1%          3    None
c - Sticky Flame          Conj/Fire      ########     1%          4    #......
d - Fireball              Conj/Fire      ########..   1%          5    ####...
e - Bolt of Fire          Conj/Fire      ########..   1%          6    ######.
f - Orb of Destruction    Conj           #######...   5%          7    #######

Your spell library contained the following spells:

 Spells                   Type           Power        Failure   Level  Hunger
 Iron Shot                Conj/Erth      ######....   13%         6    ######.
 Sandblast                Erth           ###...       1%          1    None
 Throw Flame              Conj/Fire      ######       1%          2    None
 Inner Flame              Hex/Fire       #######.     1%          3    None
 Stone Arrow              Conj/Erth      ######       1%          3    None
 Irradiate                Conj/Tmut      ######....   2%          5    ####...
 Corona                   Hex            ###....      4%          1    None
 Infusion                 Chrm           ###.         4%          1    None
 Passwall                 Tmut/Erth      ###.....     8%          2    None
 Shroud of Golubria       Chrm/Tloc      ###.......   8%          2    None
 Slow                     Hex            ###.....     8%          2    None
 Song of Slaying          Chrm           ###.....     8%          2    None
 Portal Projectile        Hex/Tloc       ###...       16%         3    None
 Regeneration             Chrm/Necr      ###.......   16%         3    None
 Spectral Weapon          Hex/Chrm       ###.....     16%         3    None
 Lee's Rapid Deconstruct  Erth           ###.......   32%         5    ####...
 Cause Fear               Hex            ###.......   45%         4    #......
 Leda's Liquefaction      Hex/Erth       ###.......   45%         4    #......
 Petrify                  Tmut/Erth      ###.....     45%         4    #......
 Hydra Form               Tmut           ###.......   100%        6    ######.
 Statue Form              Tmut/Erth      ###......    100%        6    ######.
 Dragon Form              Tmut           ###.......   100%        7    #######


Dungeon Overview and Level Annotations

Branches:
Dungeon (14/15)            Temple (0/1) D:7            Lair (5/6) D:10
  Swamp (0/4) Lair:2       Spider (0/4) Lair:2        Slime (0/5) Lair:5
    Orc (2/2) D:12            Elf (0/3) Orc:2        Vaults (0/5) D:13

Altars:
Cheibriados
Dithmenos
Elyvilon
Fedhas
Gozag
Hepliaklqana
Kikubaaqudgha
Okawaru
Qazlal
Sif Muna
Vehumet
Xom
Yredelemnul
The Shining One
Beogh
Jiyva

Shops:
D:5 ((   D:7 *   Orc:1 !   Orc:2 *%**!

Annotations:
D:14 Rupert


Message History

You are near starving!
Rupert completely misses you.
Casting: Bolt of Fire (safe; 1% risk of failure)
Confirm with . or Enter, or press ? or * to list all spells.
Aiming: Bolt of Fire (safe; 1% risk of failure)
Press: ? - help, Shift-Dir - straight line, f/p - Rupert
Aim: Rupert, wielding a great mace of holy wrath and wearing a glowing ring You feel a huge surge of power!
The bolt of fire misses Rupert.
The bolt of fire hits the kobold.
You kill the kobold!
Vehumet accepts your kill.
You feel your power returning.
You are starving!
Rupert misses you.
As you read the scroll of torment, it crumbles to dust.
Your body is wracked with pain!
* * * LOW HITPOINT WARNING * * *
The kobold convulses!
Rupert hits you with a great mace of holy wrath!!
You die...

#.....#K #.#
...# #K' #.#
..).# #K# #.#
....# #@#
#.######....#
#.#
#...........#
#.#
#...........#
#.# #.....)..##
#K#####.######.#
#.†.@@.<# #
#.......#
###.....#
#.....+ #.....#
#.......
#........
#.........
..........


You could see Rupert (berserk) and a kobold.

Vanquished Creatures
  An ettin (D:13)
  Josephine (D:11)
  A fire dragon (Lair:4)
  Erolcha (D:9)
  4 hydras
  An ice dragon (D:13)
  3 catoblepae
  Erica (D:8)
  3 two-headed ogres
  A death yak (Lair:5)
  5 orc high priests
  3 skeletal warriors (D:12)
  A sea snake (shapeshifter) (D:13)
  An unseen horror (D:11)
  4 orc knights (Orc:2)
  A deep elf mage (D:13)
  5 orc sorcerers (Orc:2)
  2 ugly things (D:13)
  A cyclops (D:12)
  An oklob plant (Lair:5)
  6 elephants (Lair:3)
  2 manticores
  Maurice (D:12)
  A black mamba (Lair:2)
  2 gargoyles
  8 spiny frogs
  A centaur skeleton (D:13)
  9 komodo dragons
  A troll (shapeshifter) (D:13)
  An efreet (D:13)
  A troll (D:9)
  11 blink frogs
  A hornet (D:11)
  6 hippogriffs
  A spriggan (Lair:1)
  4 wraiths
  3 wyverns
  28 yaks
  2 basilisks
  2 hungry ghosts
  Grum (D:11)
  A two-headed ogre zombie (D:12)
  2 wargs (Orc:2)
  11 water moccasins
  11 porcupines
  3 ice beasts
  35 orc warriors
  15 wolves
  9 phantoms
  A black bear (D:8)
  3 sky beasts
  8 ogres
  A necrophage (D:8)
  11 crocodiles
  2 centaurs (D:10)
  2 big kobolds
  20 bullfrogs
  An elf zombie (D:6)
  A wyvern zombie (D:13)
  A wyvern skeleton (D:13)
  10 scorpions
  4 killer bees (D:9)
  2 troll zombies (D:12)
  16 wights
  7 electric eels (D:7)
  3 howler monkeys
  A crimson imp (D:13)
  4 centaur zombies
  5 hounds
  3 quasits
  3 bullfrog zombies
  26 orc priests
  5 jellies
  3 human skeletons
  4 human zombies (D:8)
  2 iguanas
  28 orc wizards
  9 worker ants
  A killer bee zombie (D:7)
  5 ogre zombies (D:12)
  2 hound skeletons
  4 mummies (D:8)
  A howler monkey skeleton (D:11)
  A worker ant zombie (D:10)
  A gnoll (D:1)
  17 adders
  4 shadow imps
  An ooze (D:4)
  An adder skeleton (D:4)
  3 worms
  2 dart slugs (D:3)
  4 leopard geckos
  116 orcs
  10 bats
  7 giant cockroaches
  7 goblins
  2 hobgoblins (D:2)
  10 jackals
  8 quokkas
  A ball python (D:1)
  4 frilled lizards
  2 gnoll zombies (D:2)
  2 goblin skeletons (D:12)
  6 goblin zombies (D:12)
  A hobgoblin skeleton (D:12)
  3 hobgoblin zombies (D:12)
  12 kobolds
  5 orc skeletons
  12 orc zombies (D:12)
  A quokka skeleton (D:8)
  A quokka zombie (D:5)
  9 rats
  A butterfly (Lair:3)
  6 plants
679 creatures vanquished.

Vanquished Creatures (others)
  6 fungi
  3 plants
9 creatures vanquished.

Grand Total: 688 creatures vanquished

Notes
Turn   | Place    | Note
-------+----------+-------------------------------------------
     0 | D:1      | delarado the Deep Elf Fire Elementalist began the quest for
                  | the Orb.
     0 | D:1      | Reached XP level 1. HP: 10/10 MP: 6/6
     2 | D:1      | Noticed a demonspawn
     3 | D:1      | Noticed a centaur
     5 | D:1      | Noticed an octopode
     5 | D:1      | Noticed a halfling
     7 | D:1      | Noticed a ghoul
     7 | D:1      | Noticed an ogre
     9 | D:1      | Noticed a minotaur
     9 | D:1      | Noticed a felid
    11 | D:1      | Noticed a spriggan
    11 | D:1      | Noticed a vine stalker
    13 | D:1      | Noticed a troll
    13 | D:1      | Noticed a merfolk
    15 | D:1      | Noticed a human
    17 | D:1      | Noticed a draconian
    19 | D:1      | Noticed a tengu
    19 | D:1      | Noticed a dwarf
    21 | D:1      | Noticed a naga
    23 | D:1      | Noticed a vampire
    23 | D:1      | Noticed a demigod
    25 | D:1      | Noticed an elf
    25 | D:1      | Noticed a formicid
    27 | D:1      | Noticed a gargoyle
   183 | D:1      | Reached XP level 2. HP: 15/15 MP: 0/8
  1181 | D:2      | Found a snail-covered altar of Cheibriados.
  1191 | D:2      | Reached XP level 3. HP: 19/19 MP: 6/9
  1412 | D:2      | Learned a level 3 spell: Conjure Flame
  1598 | D:2      | Reached XP level 4. HP: 24/24 MP: 4/10
  1655 | D:2      | Found a basalt altar of Yredelemnul.
  2112 | D:2      | Found a radiant altar of Vehumet.
  2112 | D:2      | Found a deep blue altar of Sif Muna.
  2159 | D:2      | Became a worshipper of Vehumet
  2928 | D:3      | Learned a level 4 spell: Sticky Flame
  3312 | D:3      | Reached * piety under Vehumet
  3312 | D:3      | Offered knowledge of Shock by Vehumet.
  3693 | D:4      | Noticed a phantom
  3798 | D:4      | Killed a phantom
  3798 | D:4      | Reached skill level 5 in Fire Magic
  3798 | D:4      | Reached XP level 5. HP: 25/28 MP: 6/11
  3914 | D:4      | Reached XP level 6. HP: 32/32 MP: 3/12
  4216 | D:4      | Reached skill level 5 in Conjurations
  4269 | D:4      | Found a shadowy altar of Dithmenos.
  4537 | D:4      | Noticed an orc warrior
  4553 | D:4      | Killed an orc warrior
  4714 | D:4      | Reached XP level 7. HP: 36/36 MP: 6/13
  5884 | D:5      | Entered Level 5 of the Dungeon
  5951 | D:5      | Found Zemopawn's Antique Weapon Shop.
  6274 | D:5      | Found a stormy altar of Qazlal.
  6725 | D:5      | Found Ceadoluo's Antique Weapon Shoppe.
  6843 | D:5      | You fall through a shaft for 3 floors!
  6876 | D:8      | Reached XP level 8. HP: 41/41 MP: 7/14
  6938 | D:7      | Reached ** piety under Vehumet
  7047 | D:6      | Offered knowledge of Magic Dart by Vehumet.
  8119 | D:6      | Offered knowledge of Throw Frost by Vehumet.
  8173 | D:6      | Learned a level 5 spell: Fireball
  8234 | D:7      | Got a transparent flail
  8235 | D:7      | Identified the +11 flail "Yblulobeqe" {venom, *Slow +Inv
                  | rN+ Dex+5} (You found it on level 7 of the Dungeon)
  8424 | D:7      | Reached *** piety under Vehumet
  8460 | D:7      | Reached XP level 9. HP: 45/45 MP: 7/15
  8784 | D:7      | Offered knowledge of Fulminant Prism by Vehumet.
  8784 | D:7      | Reached skill level 1 in Fighting
  8784 | D:7      | Reached skill level 3 in Dodging
  8788 | D:7      | Reached skill level 1 in Shields
  9180 | D:7      | Found a staircase to the Ecumenical Temple.
  9764 | D:7      | Reached skill level 4 in Dodging
  9943 | D:7      | Found Ofyfogaw's Assorted Antiques.
  9979 | D:7      | Bought a tourmaline ring for 140 gold pieces
  9979 | D:7      | Bought a scroll labeled GYKLUH GOMAX for 28 gold pieces
 10223 | D:8      | Noticed a two-headed ogre
 10259 | D:8      | Killed a two-headed ogre
 10259 | D:8      | Reached skill level 5 in Dodging
 10567 | D:8      | Reached **** piety under Vehumet
 10596 | D:8      | Reached skill level 6 in Dodging
 10601 | D:8      | Noticed Erica
 10953 | D:8      | Offered knowledge of Iskenderun's Mystic Blast by Vehumet.
 11021 | D:8      | Found a blossoming altar of Fedhas.
 11078 | D:8      | Reached XP level 10. HP: 55/55 MP: 5/16
 11368 | D:8      | Found a white marble altar of Elyvilon.
 11775 | D:8      | Found an opulent altar of Gozag.
 11781 | D:8      | Found a hazy altar of Hepliaklqana.
 11947 | D:8      | Killed Erica
 12025 | D:8      | Found a shadowy altar of Dithmenos.
 12447 | D:8      | Reached skill level 7 in Dodging
 12609 | D:8      | Found an ancient bone altar of Kikubaaqudgha.
 12880 | D:9      | Reached skill level 5 in Spellcasting
 13429 | D:9      | Noticed Erolcha
 13432 | D:9      | Killed Erolcha
 13432 | D:9      | Reached skill level 5 in Fighting
 13432 | D:9      | Reached skill level 8 in Dodging
 13906 | D:10     | Entered Level 10 of the Dungeon
 14099 | D:10     | Noticed a gargoyle
 14360 | D:10     | Reached XP level 11. HP: 63/63 MP: 23/23
 14600 | D:10     | Reached skill level 9 in Dodging
 14633 | D:10     | Reached ***** piety under Vehumet
 14633 | D:10     | Offered knowledge of Bolt of Fire by Vehumet.
 14641 | D:10     | Learned a level 6 spell: Bolt of Fire
 14697 | D:10     | Found a staircase to the Lair.
 14718 | Lair:1   | Entered Level 1 of the Lair of Beasts
 14895 | Lair:1   | Found a shimmering altar of Xom.
 15095 | Lair:1   | Noticed a six-headed hydra
 15100 | Lair:1   | Killed a six-headed hydra
 15655 | Lair:2   | Noticed an eight-headed hydra
 15673 | Lair:2   | Killed an eight-headed hydra
 15673 | Lair:2   | Reached skill level 10 in Dodging
 16186 | Lair:2   | Reached skill level 11 in Dodging
 16511 | Lair:2   | Found a hole to the Spider Nest.
 16690 | Lair:2   | Found a staircase to the Swamp.
 17420 | Lair:3   | Reached XP level 12. HP: 73/73 MP: 23/26
 17617 | Lair:3   | Reached skill level 12 in Dodging
 18377 | Lair:3   | Offered knowledge of Airstrike by Vehumet.
 18933 | Lair:3   | Reached skill level 13 in Dodging
 19281 | Lair:4   | Reached skill level 10 in Fire Magic
 19412 | Lair:4   | Noticed a seven-headed hydra
 19415 | Lair:4   | Killed a seven-headed hydra
 19485 | Lair:4   | Found a labyrinth entrance.
 19657 | Lair:4   | Noticed a catoblepas
 19707 | Lair:4   | Killed a catoblepas
 20268 | Lair:4   | Noticed a fire dragon
 20280 | Lair:4   | Killed a fire dragon
 20492 | Lair:5   | Found a staircase to the Slime Pits.
 20492 | Lair:5   | Found a viscous altar of Jiyva.
 20595 | Lair:5   | Reached skill level 10 in Conjurations
 21051 | Lair:5   | Reached XP level 13. HP: 64/81 MP: 24/27
 21446 | Lair:5   | Reached skill level 10 in Fighting
 21864 | Lair:5   | Reached skill level 14 in Dodging
 22777 | D:11     | Noticed Josephine
 22780 | D:11     | Killed Josephine
 22780 | D:11     | Reached skill level 1 in Evocations
 22871 | D:11     | Noticed Grum
 22874 | D:11     | Killed Grum
 23029 | D:11     | Offered knowledge of Conjure Ball Lightning by Vehumet.
 23400 | D:11     | Noticed a crystal guardian
 23400 | D:11     | Noticed a war gargoyle
 23603 | D:11     | Found a glowing golden altar of the Shining One.
 24471 | D:12     | Found a staircase to the Orcish Mines.
 24642 | D:12     | Noticed Maurice
 24644 | D:12     | Killed Maurice
 25256 | D:12     | Found an iron altar of Okawaru.
 25362 | D:12     | Offered knowledge of Bolt of Magma by Vehumet.
 25570 | Orc:1    | Entered Level 1 of the Orcish Mines
 25889 | Orc:2    | Entered Level 2 of the Orcish Mines
 26103 | Orc:2    | Reached XP level 14. HP: 87/87 MP: 12/28
 26251 | Orc:2    | Found a roughly hewn altar of Beogh.
 26320 | Orc:2    | Found a staircase to the Elven Halls.
 26399 | Orc:1    | Found Uczoq's Distillery.
 26410 | Orc:1    | Bought 2 potions of lignification for 108 gold pieces
 26410 | Orc:1    | Bought a potion of berserk rage for 90 gold pieces
 26410 | Orc:1    | Bought a potion of agility for 72 gold pieces
 26842 | Orc:2    | Offered knowledge of Orb of Destruction by Vehumet.
 26883 | Orc:2    | Learned a level 7 spell: Orb of Destruction
 26954 | Orc:2    | Found Qiejikh's General Store.
 26962 | Orc:2    | Bought a scroll of fog for 22 gold pieces
 26962 | Orc:2    | Bought a scroll of torment for 82 gold pieces
 26962 | Orc:2    | Bought a cursed amulet of inaccuracy for 22 gold pieces
 28057 | Orc:2    | Found Hihatuj's Distillery.
 28057 | Orc:2    | Found Ficubed's General Store.
 28075 | Orc:2    | Found Vuili's Food Shop.
 28080 | Orc:2    | Found Imezuut's General Store.
 28714 | D:13     | Reached skill level 5 in Evocations
 29529 | D:13     | Offered knowledge of Iron Shot by Vehumet.
 29618 | D:13     | Found a gate to the Vaults.
 29786 | D:14     | Noticed Rupert
 29791 | D:14     | Paralysed by Rupert for 7 turns
 29806 | D:14     | Mangled by Rupert

Skill      XL: |  1  2  3  4  5  6  7  8  9 10 11 12 13 14 |
---------------+-------------------------------------------+-----
Conjurations   | 2 3 4 5 7 9 10 11 13 | 13.1
Fire Magic     | 4 5 6 7 9 10 12 | 12.3
Fighting       | 3 5 8 9 10 11 | 11.0
Dodging        | 6 8 11 13 14 | 14.0
Shields        | 3 4 |  4.2
Spellcasting   | 7 8 9 |  9.0
Evocations     | 4 5 |  5.6
Stealth        | |  2.4

Action                   |  1- 3 |  4- 6 |  7- 9 | 10-12 | 13-15 || total
-------------------------+-------+-------+-------+-------+-------++-------
Melee: Dagger            |       |    34 |    32 |       |       ||    66
       Staff             |       |       |       |     6 |   128 ||   134
 Fire: Hunting sling     |    10 |    64 |   137 |    52 |       ||   263
Throw: Javelin           |     7 |     9 |       |    50 |    46 ||   112
       Tomahawk          |       |       |       |     2 |     9 ||    11
 Cast: Flame Tongue      |    51 |    94 |   152 |   200 |   161 ||   658
       Conjure Flame     |       |     4 |     9 |     1 |     4 ||    18
       Sticky Flame      |       |       |    38 |   116 |    65 ||   219
       Fireball          |       |       |    20 |    49 |    19 ||    88
       Bolt of Fire      |       |       |       |    20 |   145 ||   165
       Orb of Destructio |       |       |       |       |     8 ||     8
Evoke: Wand              |       |       |     3 |    16 |    10 ||    29
       Lightning rod     |       |       |       |     1 |       ||     1
  Use: Scroll            |     2 |     4 |     8 |    13 |     8 ||    35
       Potion            |       |       |     2 |       |       ||     2
  Eat: Chunk             |     2 |     9 |    21 |    40 |    71 ||   143
       Ration            |       |       |     4 |     5 |     4 ||    13
Armor: Robe              |     1 |    10 |    26 |    46 |    25 ||   108
Dodge: Dodged            |    10 |    42 |    74 |   139 |   136 ||   401
Block: Buckler           |       |       |       |    23 |    33 ||    56
